 Dungeon Crawl Stone Soup version 0.30-b1-2-g02819fbbbe (webtiles) character file.

Game seed: 7441745421123842385

6428962 Aldia the Petrodigitator (level 27, 168/168 HPs)
             Began as a Gargoyle Earth Elementalist on June 10, 2023.
             Was the Champion of the Shining One.
             Escaped with the Orb
             ... and 8 runes on June 13, 2023!
             The game lasted 03:59:35 (74762 turns).

Aldia the Petrodigitator (GrEE)                    Turns: 74762, Time: 03:59:36

Health: 168/168    AC: 46    Str: 13    XL:     27
Magic:  48/48      EV: 14    Int: 33    God:    the Shining One [******]
Gold:   4063       SH: 14    Dex:  8    Spells: 18/68 levels left

rFire   + + .        H - staff of earth
rCold   + + .        g - +3 kite shield {reflect}
rNeg    + + +        V - +7 faerie dragon scales {Contam rPois rC+ Will+ Regen+ rCorr HP-1}
rPois   ∞            (helmet restricted)
rElec   +            S - +2 cloak {rPois}
rCorr   +            W - +2 pair of gloves {Str+3}
SInv    +            s - +2 pair of boots
Will    +++..        X - amulet of magic regeneration
Stlth   +            E - ring "Girro" {rPois rF+ Str-2 Int+6 Dex+2}
HPRegen 1.28/turn    p - ring "Uwkeuto" {rF+ Str+3 SInv}
MPRegen 0.71/turn

%: reflection, clarity
@: flying, glowing, studying Ranged Weapons
A: sickness immunity, AC +20, big wings, negative energy resistance 1,
electricity resistance, torment resistance 1, petrification resistance, horns 1,
iridescent scales 1, clarity, clumsy 2, cold resistance 1, deformed body,
deterioration 2, dopey 1, frail 1, screaming 2, inhibited regeneration,
teleportitis 1, weak 2, subdued magic 1, inability to read after injury 1
0: Orb of Zot
}: 8/15 runes: serpentine, barnacled, slimy, silver, abyssal, demonic, glowing,
dark
a: Renounce Religion, Divine Shield, Cleansing Flame, Summon Divine Warrior


You escaped.
You worshipped the Shining One.
The Shining One was exalted by your worship.
You visited 12 branches of the dungeon, and saw 56 of its levels.
You visited Pandemonium 2 times, and saw 18 of its levels.
You visited the Abyss 1 time.
You visited 1 bazaar.
You also visited: Gauntlet, Ice Cave and Wizlab.

You collected 8945 gold pieces.
You spent 4882 gold pieces at shops.

Inventory:

Hand Weapons
 J - a +9 trishula of holy wrath
Armour
 g - a +3 kite shield of reflection (worn)
 s - a +2 pair of boots (worn)
 O - a +2 helmet of intelligence
 Q - a +2 robe of the Archmagi
 S - a +2 cloak of poison resistance (worn)
 V - the +7 faerie dragon scales (worn) {Contam rPois rC+ Will+ Regen+ rCorr HP-1}
   (You took it off the Enchantress on level 2 of the Depths)

   rC:        It protects you from cold.
   rPois:     It protects you from poison.
   HP:        It affects your health (-1).
   Contam:    It causes magical contamination when unequipped.
   Regen:     It increases your rate of health regeneration.
   rCorr:     It protects you from acid and corrosion.
   Will:      It increases your willpower.
 W - a +2 pair of gloves of strength (worn)
Magical Staves
 H - a staff of earth (weapon)
Jewellery
 p - the ring "Uwkeuto" (right hand) {rF+ Str+3 SInv}
   (You took it off a vault warden on level 5 of the Vaults)

   [ring of see invisible]

   Str:       It affects your strength (+3).
   rF:        It protects you from fire.
   SInv:      It lets you see invisible.
 E - the ring "Girro" (left hand) {rPois rF+ Str-2 Int+6 Dex+2}
   (You took it off a deep elf pyromancer on level 12 of the Dungeon)

   [ring of intelligence]

   Str:       It affects your strength (-2).
   Int:       It affects your intelligence (+6).
   Dex:       It affects your dexterity (+2).
   rF:        It protects you from fire.
   rPois:     It protects you from poison.
 G - a ring of magical power
 I - the ring "Keyzoity" {Ice Slay+5}
   (You found it in Pandemonium)

   [ring of ice]

   It enhances your ice magic.
   Slay:      It affects your accuracy & damage with ranged weapons and melee
   (+5).
   rF:        It makes you vulnerable to fire.
   rC:        It protects you from cold.
 M - the ring "Xath" {Wiz rF- Str+3 Int+5}
   (You acquired it on level 3 of the Elven Halls)

   [ring of wizardry]

   It improves your spell success rate.
   Str:       It affects your strength (+3).
   Int:       It affects your intelligence (+5).
   rF:        It makes you vulnerable to fire.
 P - the ring of Linearity {rC+ AC+4}
   (You acquired it on level 3 of the Elven Halls)

   [ring of protection]

   AC:        It affects your AC (+4).
   rC:        It protects you from cold.
 R - a ring of resist corrosion
 X - an amulet of magic regeneration (around neck)
Wands
 c - a wand of iceblast (66)
 t - a wand of mindburst (40)
 v - a wand of digging (22)
 A - a wand of polymorph (27)
 L - a wand of charming (37)
 T - a wand of quicksilver (36)
Scrolls
 a - 11 scrolls of poison
 j - 14 scrolls of torment
 l - 3 scrolls of amnesia
 o - 10 scrolls of fog
 u - a scroll of magic mapping
 w - a scroll of silence
 x - 12 scrolls of immolation
 y - 6 scrolls of teleportation
 N - 7 scrolls of blinking
 U - a scroll of butterflies
 Y - 7 scrolls of fear
Potions
 b - 2 potions of magic
 d - 11 potions of might
 e - 35 potions of curing
 f - 7 potions of cancellation
 h - a potion of berserk rage
 i - 7 potions of resistance
 m - 16 potions of lignification
 n - 4 potions of haste
 r - 3 potions of invisibility
 z - 15 potions of brilliance
 B - 11 potions of attraction
 D - 9 potions of heal wounds
 K - 3 potions of ambrosia
Miscellaneous
 k - a phantom mirror
 C - a lightning rod (4/4)
 Z - a box of beasts


   Skills:
 + Level 23.5 Fighting
 + Level 10.6(12.6) Polearms
 - Level 12.0(13.9) Staves
 - Level 11.0 Armour
 - Level 16.0 Dodging
 - Level 3.0 Stealth
 - Level 14.0 Shields
 + Level 21.2 Spellcasting
 - Level 15.0 Conjurations
 - Level 4.0 Translocations
 - Level 5.0 Transmutations
 - Level 7.0 Fire Magic
 - Level 9.0 Ice Magic
 - Level 3.2 Air Magic
 O Level 27 Earth Magic
 - Level 17.0 Invocations
 - Level 10.2 Evocations


You had 18 spell levels left.
You knew the following spells:

 Your Spells              Type           Power      Damage    Failure   Level
a - Freezing Cloud        Conj/Ice/Air   32%        6-21      1%          5
c - Lee's Rapid Deconstr  Erth           64%        3d29*     0%          5
d - Iron Shot             Conj/Erth      58%        9d11      1%          6
e - Starburst             Conj/Fire      35%        6d10      3%          6
f - Irradiate             Conj/Tmut      33%        3d22      1%          5
g - Fireball              Conj/Fire      35%        3d15      1%          5
h - Orb of Destruction    Conj           40%        9d11      3%          7
i - Shatter               Erth           64%        3d47*     2%          9
j - Blink                 Tloc           94%        N/A       1%          2

Your spell library contained the following spells:

 Spells                   Type           Power      Damage    Failure   Level
 Magic Dart               Conj           100%       1d8       0%          1
 Sandblast                Erth           100%       2d20      0%          1
 Passwall                 Tmut/Erth      86%        N/A       0%          2
 Stone Arrow              Conj/Erth      100%       3d13      0%          3
 Petrify                  Tmut/Erth      100%       N/A       0%          4
 Beastly Appendage        Tmut           100%       N/A       1%          1
 Sting                    Tmut/Pois      100%       1d8       1%          1
 Summon Small Mammal      Summ           100%       N/A       1%          1
 Poisonous Vapours        Pois/Air       70%        N/A       1%          2
 Scorch                   Fire           100%       2d9       1%          2
 Static Discharge         Conj/Air       100%       2-7/arc   1%          2
 Wereblood                Tmut           51%        N/A       1%          2
 Dazzling Flash           Conj/Hex       100%       N/A       1%          3
 Frozen Ramparts          Ice            100%       1d16      1%          3
 Gell's Gravitas          Tloc           47%        N/A       1%          3
 Hailstorm                Conj/Ice       73%        3d15      1%          3
 Ignite Poison            Fire/Tmut/Pois 47%        N/A       1%          3
 Inner Flame              Hex/Fire       44%        N/A       1%          3
 Mephitic Cloud           Conj/Pois/Air  55%        N/A       1%          3
 Ozocubu's Armour         Ice            64%        N/A       1%          3
 Spider Form              Tmut/Pois      39%        N/A       1%          3
 Teleport Other           Tloc           47%        N/A       1%          3
 Vhi's Electric Charge    Tloc/Air       90%        N/A       1%          3
 Volatile Blastmotes      Fire/Tloc      100%       2d18      1%          3
 Flame Wave               Conj/Fire      70%        2d16      1%          4
 Fulminant Prism          Conj/Hex       30%        3d15      1%          4
 Ice Form                 Ice/Tmut       58%        N/A       1%          4
 Iskenderun's Mystic Bla  Conj/Tloc      66%        2d14      1%          4
 Sticky Flame             Conj/Fire      70%        2d8       1%          4
 Arcjolt                  Conj/Air       32%        1d42      1%          5
 Borgnjor's Vile Clutch   Necr/Erth      48%        N/A       1%          5
 Iskenderun's Battlesphe  Conj           80%        2d13      1%          5
 Call Imp                 Summ           52%        N/A       2%          2
 Summon Ice Beast         Ice/Summ       49%        N/A       2%          4
 Manifold Assault         Tloc           47%        N/A       3%          4
 Passage of Golubria      Tloc           47%        N/A       3%          4
 Call Canine Familiar     Summ           26%        N/A       6%          3
 Summon Guardian Golem    Hex/Summ       26%        N/A       6%          3
 Tukima's Dance           Hex            26%        N/A       6%          3
 Blade Hands              Tmut           25%        N/A       7%          5
 Conjure Ball Lightning   Conj/Air       32%        3x3d10    7%          6
 Animate Dead             Necr           26%        N/A       21%         4
 Cause Fear               Hex            13%        N/A       21%         4
 Dispel Undead            Necr           26%        3d13      21%         4
 Olgreb's Toxic Radiance  Pois           26%        N/A       21%         4
 Alistair's Intoxication  Tmut/Pois      26%        N/A       21%         5
 Yara's Violent Unravell  Hex/Tmut       19%        3d9       21%         5
 Summon Forest            Summ/Tloc      18%        N/A       26%         5
 Plasma Beam              Fire/Air       26%        2x1d42    36%         6
 Ozocubu's Refrigeration  Ice            32%        4d14      41%         7
 Simulacrum               Ice/Necr       24%        N/A       47%         6
 Summon Mana Viper        Hex/Summ       26%        N/A       52%         5
 Dispersal                Tloc           23%        N/A       54%         6
 Spellforged Servitor     Conj/Summ      30%        N/A       63%         7
 Eringya's Noxious Bog    Tmut/Pois      19%        N/A       77%         6
 Dragon Form              Tmut           25%        N/A       94%         7
 Death Channel            Necr           13%        N/A       98%         6
 Summon Cactus Giant      Summ           13%        N/A       98%         6
 Storm Form               Tmut/Air       23%        N/A       98%         7
 Enfeeble                 Hex            13%        N/A       100%        7
 Malign Gateway           Summ/Tloc      18%        N/A       100%        7
 Monstrous Menagerie      Summ           13%        N/A       100%        7
 Summon Hydra             Summ           13%        N/A       100%        7
 Discord                  Hex            13%        N/A       100%        8
 Ignition                 Fire           29%        3d9       100%        8
 Infestation              Necr           13%        N/A       100%        8
 Summon Horrible Things   Summ           13%        N/A       100%        8
 Chain Lightning          Conj/Air       32%        3d43      100%        9
 Dragon's Call            Summ           13%        N/A       100%        9
 Fire Storm               Conj/Fire      35%        8d9       100%        9
 Polar Vortex             Ice            32%        N/A       100%        9
 Cigotuvi's Dreadful Rot  Necr/Pois/Air  Unusable   N/A       N/A         2
 Sublimation of Blood     Necr           Unusable   N/A       N/A         2

Dungeon Overview and Level Annotations

Branches:
Dungeon (15/15)            Temple (0/1) D:7            Lair (5/5) D:11
 Shoals (4/4) Lair:3        Snake (4/4) Lair:3        Slime (5/5) Lair:5
    Orc (2/2) D:9             Elf (3/3) Orc:2        Vaults (5/5) D:14
  Crypt (3/3) Vaults:3       Tomb (0/3) Crypt:3      Depths (4/4) D:15
   Hell (visited)             Dis (0/7) Hell            Geh (0/7) Hell
    Coc (0/7) Hell            Tar (0/7) Hell            Zot (5/5) Depths:4
  IceCv (visited)          WizLab (visited)         Gauntlet (visited)

Altars:
Ashenzari
Dithmenos
Elyvilon
Gozag
Hepliaklqana
Kikubaaqudgha
Nemelex Xobeh
Ru
Sif Muna
Uskayaw
Vehumet
Yredelemnul
The Shining One
Jiyva
Lugonu

Shops:
Orc:1 (   Orc:2 [*[*   Elf:3 ?   Shoals:1 (   Shoals:3 *?   Vaults:3 [
Vaults:4 [(   Vaults:5 (   Depths:2 :=:(   Depths:3 *

Portals:
Hell: Depths:1 Depths:2 Depths:3 Depths:4
Abyss: Depths:3
Pandemonium: Depths:1 Depths:2 Depths:3
Ziggurat: Depths:2
Trove: D:11 (give 6 scrolls of blinking)

Annotations:
Snake:4 2 transporters, littlecub's ghost, journeyman DsGl
Slime:5 Royal Jelly
Elf:2 3 runed translucent doors
Elf:3 1 runed translucent door, PeMo's ghost, adept MiBe
Vaults:4 3 runed translucent doors, deprived's ghost, veteran HOFi
Zot:3 2 transporters, exclusion: orange crystal statue


Innate Abilities, Weirdness & Mutations

You are immune to sickness and miasma.
Your stone body is resilient. (AC +20)
You are immune to poison.
Your large and strong wings let you fly.
You resist negative energy. (rN+)
You are resistant to electric shocks. (rElec)
You are resistant to unholy torment.
You are immune to petrification.
You have a pair of small horns on your head.
You are partially covered in iridescent scales. (AC +2)
You possess an exceptional clarity of mind.
You are very clumsy. (Dex -4)
Your flesh is cold resistant. (rC+)
Armour fits poorly on your strangely shaped body.
Your body often deteriorates upon taking damage.
You are dopey. (Int -2)
You are frail. (-10% HP)
You frequently scream uncontrollably at your foes.
You do not regenerate when monsters are visible.
You are occasionally teleported next to monsters.
You are very weak. (Str -4)
Your spells are a little easier to cast, but a little less powerful.
You occasionally lose the ability to read scrolls when taking damage.


Message History

You can't see any susceptible monsters within range! (Use Z to cast anyway.)
(D) Dungeon (T) Temple (L) Lair (A) Shoals (P) Snake Pit (M) Slime Pits (O) Orcish Mines (E) Elven Halls (V) Vaults (C) Crypt (W) Tomb (U) Depths (H) Hell (I) Dis (G) Gehenna (X) Cocytus (Y) Tartarus (Z) Zot
Where to? (Enter - D:1 @ (x,y), ? - help)
What level of the Dungeon? (default 1, ? - help)
There is a stone staircase leading up here.
You fly upwards.
There is a stone staircase leading down here.
There is a stone staircase leading up here.
You fly upwards.
There is a stone staircase leading down here.
There is a stone staircase leading up here.
You fly upwards.
There is a stone staircase leading down here.
You see here a +0 club.
An Orb Guardian comes into view.
You feel a surge of power!
The iron shot hits the Orb Guardian!!!
The Orb Guardian is heavily wounded.
The Orb Guardian hits you but does no damage.
You feel a surge of power!
The iron shot hits the Orb Guardian!!!
You kill the Orb Guardian!
You can't see any susceptible monsters within range! (Use Z to cast anyway.)
You can't see any susceptible monsters within range! (Use Z to cast anyway.)
(D) Dungeon (T) Temple (L) Lair (A) Shoals (P) Snake Pit (M) Slime Pits (O) Orcish Mines (E) Elven Halls (V) Vaults (C) Crypt (W) Tomb (U) Depths (H) Hell (I) Dis (G) Gehenna (X) Cocytus (Y) Tartarus (Z) Zot
Where to? (Enter - D:1 @ (x,y), ? - help)
What level of the Dungeon? (default 1, ? - help)
There is an open gate here.
Magic restored.
There is an open door here.
There is an open door here.
There is an open door here.
There is a staircase leading out of the dungeon here.
You have escaped!

##.# #....# ############ ##.#
#.##.#♣#♣♣ #...≈≈≈§...#
##.######.##.#.'.♣♣#..........###
##........##.#.#♣.♣#...§§≈....#8.
.###########.#.#♣.♣#..§.......'..
....:.......>#.#♣♣.'..........'..
#########....#'#####..........'..
#.......#.#..#.....#....~~....#8.
#....##.#.#..#..@..#..........##.
#....##......#.....#...~~~~...##.
..........##.##################..
...#.........................)..#
...#......#....#####.........####
...#......###### #...........##
..##......# #.........#..#
..''......# #.........##..
..##......# #..(......'...


There were no monsters in sight!

Vanquished Creatures
  Mnoleg (Pan)
  11 dread liches
  7 pandemonium lords (Pan)
  3 ancient liches
  2 orbs of fire
  Mara (Depths:1)
  Vv (Zot:1)
  Vashnia (Snake:4)
  Frederick (Depths:3)
  3 curse toes
  2 Killer Klowns (Zot:5)
  Geryon (Hell)
  7 golden dragons
  the Enchantress (Depths:2)
  A bone dragon (Abyss:3)
  Nikola (Vaults:3)
  3 doom hounds (Depths:3)
  A Tzitzimitl (Pan)
  An iron giant (Hell)
  4 Brimstone Fiends (Pan)
  An electric golem (Zot:1)
  5 liches
  20 tentacled monstrosities
  A Hell Sentinel (Pan)
  A hellephant (Depths:3)
  6 Ice Fiends
  2 titans (Vaults:5)
  2 deep elf master archers (Elf:3)
  8 quicksilver dragons
  7 acid blobs
  30 Orb Guardians
  Polyphemus (Shoals:2)
  2 deep elf blademasters (Elf:3)
  Grunn (Depths:3)
  Frances (D:13)
  2 tentacled starspawn (Abyss:3)
  Gastronok (Lair:1)
  18 Executioners
  5 krakens
  6 sphinxes
  An eldritch tentacle (Pan)
  9 ancient champions
  4 death cobs
  2 draconian monks
  3 thorn hunters
  Kirke (Lair:4)
  14 storm dragons
  8 tengu reavers
  The ghost of HumbleHazard the Severer, an adept MiFi of Uskayaw (Shoals:2)
  7 azure jellies
  13 shadow dragons
  Ilsuiw (Shoals:2)
  6 demonspawn warmongers (Pan)
  4 revenants
  3 draconian knights
  14 fire giants
  An iron dragon (Vaults:5)
  2 rockslimes
  7 nagarajas
  5 deep elf sorcerers
  6 balrugs
  10 frost giants
  Aizul (Snake:1)
  24 vault wardens
  Louise (Snake:3)
  An orc warlord (Vaults:4)
  6 ghost moths
  2 caustic shrike zombies (WizLab)
  A deep elf elementalist (Elf:3)
  A draconian scorcher (Zot:5)
  2 draconian stormcallers
  4 draconian shifters
  3 curse skulls
  19 cacodemons (Pan)
  13 ironbound preservers
  6 ghouls
  15 reapers
  10 quicksilver oozes
  6 draconian annihilators
  2 spriggan defenders
  34 very ugly things
  An eleionoma (Depths:2)
  4 ironbound thunderhulks
  15 stone giants
  4 demonspawn blood saints (Pan)
  14 lorocyprocas
  3 war gargoyles
  10 deep elf demonologists (Elf:3)
  12 demonspawn black suns
  Azrael (Orc:2)
  4 green draconians
  10 vampire knights
  Nessos (Orc:2)
  6 black draconians
  An elemental wellspring (Hell)
  4 halazid warlocks (WizLab)
  A wendigo (Hell)
  A minotaur (Gauntlet)
  25 dire elephants
  A starcursed mass (Abyss:3)
  4 white draconians
  7 deep elf annihilators
  11 red draconians
  3 yellow draconians
  12 blizzard demons
  8 green deaths (Pan)
  9 purple draconians
  An acid blob zombie (Crypt:2)
  5 iron golems (Hell)
  The ghost of NimIero the Brawler, a journeyman AtBe of Trog (Lair:3)
  A mummy priest (Crypt:3)
  3 eidola (WizLab)
  8 deep elf death magi
  Snorg (Orc:2)
  19 ettins
  A quicksilver dragon zombie (WizLab)
  13 fire dragons
  Josephine (Lair:4)
  10 merfolk javelineers
  5 deep elf high priests
  6 jiangshi
  An entropy weaver (Vaults:3)
  14 yaktaur captains
  14 ice dragons
  12 merfolk impalers
  8 great orbs of eyes
  6 rakshasas
  5 hydras
  35 vault guards
  2 salamander tyrants (Snake:4)
  3 spriggan skeletons
  A catoblepas (Shoals:2)
  Erolcha (D:13)
  5 merfolk avatars
  3 hell beasts
  A peacekeeper (Vaults:4)
  2 death knights
  3 merfolk aquamancers
  6 spriggan air magi
  Erica (D:11)
  4 two-headed ogres
  6 ironbound frosthearts
  12 naga warriors
  8 anacondas
  8 satyrs
  5 alligator snapping turtles
  An Orb Guardian zombie (Crypt:3)
  5 boulder beetles
  5 vampire magi
  8 death yaks
  12 centaur warriors
  5 deep troll shamans
  3 spriggan berserkers
  7 deep troll earth magi
  2 thrashing horrors (Abyss:3)
  A titan zombie (Depths:3)
  8 dancing weapons
  8 shock serpents
  17 naga sharpshooters
  38 sun demons
  3 orc high priests
  Sonja (D:13)
  6 hell knights
  16 soul eaters
  A wretched star (Abyss:3)
  6 salamander mystics
  13 deep elf knights
  A titan skeleton (Vaults:3)
  A bunyip zombie (Crypt:1)
  34 skeletal warriors
  11 iron trolls
  6 skysharks
  A spectral spark wasp (WizLab)
  10 shadow wraiths
  A spark wasp zombie (Crypt:2)
  A death drake (shapeshifter) (Vaults:5)
  A storm dragon skeleton (Depths:3)
  20 sixfirhies
  2 swamp dragons (Abyss:3)
  3 naga ritualists
  44 deep trolls
  An orange crystal statue (Depths:1)
  A glowing orange brain (Vaults:3)
  A flayed ghost (Crypt:2)
  4 shadow demons (Pan)
  16 sea snakes
  A fenstrider witch simulacrum (Hell)
  2 bunyip skeletons
  17 deep elf archers
  25 phantasmal warriors
  Pikel (D:6)
  A steelbarb worm (shapeshifter) (D:12)
  18 ironbound convokers
  37 deep elf pyromancers
  14 lindwurms
  An anaconda skeleton (Hell)
  27 deep elf zephyrmancers
  8 wizards
  26 harpies
  A golden dragon skeleton (Vaults:3)
  An iron dragon zombie (Depths:3)
  11 necromancers
  An iron giant skeleton (Crypt:1)
  A broodmother zombie (Crypt:2)
  An oklob plant (Lair:4)
  8 orc knights
  4 mana vipers
  A stone giant zombie (Vaults:2)
  2 wolf spider zombies (WizLab)
  24 salamanders
  A mana viper (shapeshifter) (Vaults:5)
  An orc sorcerer (Elf:1)
  14 fauns
  2 spectral spriggans (WizLab)
  53 ugly things
  27 manticores
  A worldbinder (Abyss:3)
  22 moths of wrath
  A sphinx skeleton (Vaults:3)
  4 shining eyes
  10 cyclopes
  2 fire giant skeletons
  4 rust devils
  26 black mambas
  12 merfolk sirens
  2 ice statues (IceCv)
  An apocalypse crab (Abyss:3)
  25 elephants
  19 smoke demons
  11 demonic crawlers (Pan)
  A stone giant skeleton (Vaults:3)
  19 vault sentinels
  2 gargoyles
  A guardian serpent (Snake:4)
  2 elf skeletons (Vaults:3)
  5 molten gargoyles (Hell)
  17 naga magi
  9 water nymphs
  17 orange demons
  11 cane toads
  8 freezing wraiths
  A dire elephant skeleton (Crypt:1)
  A death yak zombie (Crypt:2)
  A pale draconian zombie (Crypt:1)
  10 rime drakes
  Psyche (D:12)
  A green draconian zombie (Crypt:1)
  A naga skeleton (Pan)
  A centaur skeleton (Crypt:1)
  4 tormentors (Pan)
  A bunyip simulacrum (Hell)
  An efreet (Pan)
  8 unseen horrors (Depths:2)
  A yaktaur (shapeshifter) (Depths:2)
  5 hellions
  A redback zombie (Crypt:2)
  3 kobold demonologists
  39 yaktaurs
  10 ice devils
  10 komodo dragons
  2 harpy zombies (WizLab)
  A tengu conjurer (Depths:2)
  A hydra zombie (Crypt:3)
  3 ancient zymes (Abyss:3)
  6 guardian mummies (Crypt:3)
  36 merfolk
  2 red devils (Pan)
  12 trolls
  A merfolk (shapeshifter) (Vaults:5)
  2 minotaur skeletons
  4 hornets
  A meliai (D:12)
  7 wind drakes
  A frost giant simulacrum (Depths:3)
  A harpy skeleton (Crypt:1)
  4 polar bears
  9 hellwings
  A draconian simulacrum (Hell)
  19 dream sheep
  An ettin zombie (Vaults:2)
  A hydra skeleton (Hell)
  10 snapping turtles
  2 stone giant simulacra
  27 large abominations
  6 blink frogs
  14 flying skulls
  58 slime creatures
  3 spriggans (Depths:2)
  5 wyverns
  2 air elementals
  An ettin skeleton (Pan)
  A hog (shapeshifter) (Vaults:5)
  18 yaks
  A centaur simulacrum (D:12)
  5 shadows
  A black mamba zombie (Crypt:3)
  A tyrant leech zombie (Crypt:2)
  2 small abominations (Abyss:3)
  12 wraiths
  A dire elephant simulacrum (Hell)
  6 fire elementals
  An alligator snapping turtle simulacrum (Hell)
  A human (shapeshifter) (D:15)
  20 water elementals
  20 ynoxinuls
  5 basilisks
  3 hogs (Lair:4)
  10 humans
  21 neqoxecs
  2 redbacks (Vaults:3)
  15 chaos spawn (Pan)
  8 golden eyes
  2 steam dragons
  A redback (shapeshifter) (Vaults:5)
  4 wargs
  Menkaure (D:7)
  2 merfolk zombies (Crypt:1)
  4 vampire mosquitoes
  31 nagas
  5 harpy simulacra
  8 water moccasins
  A demonspawn zombie (Hell)
  An acid dragon (D:12)
  A deep troll skeleton (Crypt:1)
  Duvessa (D:6)
  11 hell hounds
  5 glowing shapeshifter skeletons
  A floating eye (Zot:1)
  30 orc warriors
  A demonspawn skeleton (Crypt:3)
  A hydra simulacrum (IceCv)
  2 ice beasts
  2 sky beasts
  A swamp dragon zombie (Crypt:1)
  4 black bears
  4 ogres
  14 centaurs
  An ice dragon simulacrum (Hell)
  3 boggarts (Vaults:1)
  15 wolves
  A phantom (D:4)
  3 kobold brigands
  4 gnoll sergeants
  8 bullfrogs
  3 human skeletons
  A necrophage (Crypt:2)
  2 earth elementals (Elf:1)
  A cane toad simulacrum (IceCv)
  3 scorpions
  A two-headed ogre simulacrum (IceCv)
  3 wights (D:10)
  A wyvern skeleton (Crypt:3)
  A raiju zombie (Crypt:3)
  Dowan (D:6)
  2 elephant simulacra (IceCv)
  A swamp dragon simulacrum (Hell)
  13 killer bees
  5 electric eels
  4 howler monkeys
  2 crimson imps (Gauntlet)
  A wolf zombie (Crypt:2)
  A bullfrog skeleton (Crypt:2)
  3 gnoll boudas
  8 jellies
  17 orc priests
  9 hounds
  2 sleepcaps (D:4)
  5 iguanas
  18 orc wizards
  6 hell rats (Lair:2)
  A spriggan simulacrum (IceCv)
  2 wolf simulacra (IceCv)
  4 troll simulacra (IceCv)
  A deep dwarf zombie (Crypt:3)
  A tengu zombie (Crypt:3)
  A boggart simulacrum (D:14)
  27 gnolls
  3 naga simulacra
  6 adders
  17 white imps
  9 ufetubi
  2 worms (D:2)
  A dart slug (D:1)
  64 orcs
  5 ball pythons
  6 bats
  10 endoplasms
  4 giant cockroaches
  11 hobgoblins
  7 jackals
  22 kobolds
  2 quokkas
  5 frilled lizards
  8 goblins
  5 rats
  2 bushes (Depths:2)
  A fire vortex (Crypt:2)
  3 fungi (Depths:3)
  A lurking horror (Abyss:3)
  11 plants
  2 starspawn tentacles (Abyss:3)
  13 tentacles (Shoals:2)
2788 creatures vanquished.

Vanquished Creatures (collateral kills)
  Gloorx Vloq (Pan)
  2 curse toes (Zot:4)
  2 tentacled monstrosities (Zot:4)
  2 Executioners (Pan)
  4 storm dragons
  A draconian knight (Zot:2)
  A curse skull (Pan)
  2 ghost moths (Zot:4)
  A draconian stormcaller (Zot:2)
  A lorocyproca (Pan)
  A purple draconian (Zot:4)
  2 blizzard demons (Pan)
  2 spriggan skeletons (Pan)
  2 soul eaters (Pan)
  A shadow wraith (Pan)
  A smoke demon (Pan)
  2 demonic crawlers (Pan)
  A hellion (Pan)
29 creatures vanquished.

Vanquished Creatures (others)
  A ghoul (Crypt:2)
  A demonspawn blood saint (Pan)
  A jiangshi (WizLab)
  A deep elf knight (Elf:1)
  A wizard (Vaults:4)
  A deep elf pyromancer (Elf:1)
  A black mamba (Snake:1)
  A yaktaur (Vaults:3)
  A ynoxinul (Pan)
  A human (D:14)
  A neqoxec (Pan)
  A kobold (D:10)
  97 fungi
  324 plants
  6 spectral weapons
  44 tentacles (Shoals:2)
  2 withered plants (Elf:3)
485 creatures vanquished.

Grand Total: 3302 creatures vanquished

Notes
Turn   | Place    | Note
-------+----------+-------------------------------------------
     0 | D:1      | Aldia the Gargoyle Earth Elementalist began the quest for
                  | the Orb.
     0 | D:1      | Reached XP level 1. HP: 10/10 MP: 3/3
   310 | D:1      | Reached XP level 2. HP: 16/16 MP: 3/5
   450 | D:1      | Found a faded altar of an unknown god.
   459 | D:1      | Prayed at the altar of an unknown god.
   459 | D:1      | Became a worshipper of Vehumet
   459 | D:1      | Reached * piety under Vehumet
   459 | D:1      | Offered knowledge of Foxfire by Vehumet.
   510 | D:1      | Reached skill level 4 in Earth Magic
   689 | D:1      | Reached skill level 1 in Fighting
   693 | D:1      | Reached XP level 3. HP: 18/20 MP: 2/6
  1086 | D:2      | Learned a level 3 spell: Stone Arrow
  1340 | D:2      | Reached XP level 4. HP: 20/25 MP: 1/7
  1420 | D:2      | Reached ** piety under Vehumet
  1421 | D:2      | Reached skill level 1 in Conjurations
  1559 | D:2      | Offered knowledge of Static Discharge by Vehumet.
  2483 | D:3      | Got the Anthology of Summoned Hypothermia
  3199 | D:4      | Noticed a gnoll sergeant
  3269 | D:4      | Noticed a scorpion
  3284 | D:4      | Killed a scorpion
  3285 | D:4      | Reached XP level 5. HP: 12/30 MP: 0/9
  3368 | D:4      | Found a hazy altar of Hepliaklqana.
  3476 | D:4      | Noticed an ice beast
  3490 | D:4      | Killed an ice beast
  3491 | D:4      | Reached skill level 5 in Earth Magic
  3491 | D:4      | Reached XP level 6. HP: 36/36 MP: 2/10
  3648 | D:4      | Offered knowledge of Hailstorm by Vehumet.
  3867 | D:4      | Reached XP level 7. HP: 41/41 MP: 10/12
  3996 | D:4      | Reached *** piety under Vehumet
  4389 | D:4      | Found a shadowy altar of Dithmenos.
  4415 | D:4      | Learned a level 3 spell: Hailstorm
  4503 | D:4      | Found a basalt altar of Yredelemnul.
  4504 | D:4      | Found a broken altar of Ashenzari.
  4505 | D:4      | Found a shimmering blue altar of Sif Muna.
  4507 | D:4      | Found a white marble altar of Elyvilon.
  4549 | D:4      | You fall into a shaft and drop 2 floors!
  4550 | D:6      | Noticed Dowan
  4623 | D:6      | Found an opulent altar of Gozag.
  4629 | D:6      | Reached skill level 6 in Earth Magic
  4669 | D:6      | Noticed a wyvern
  4679 | D:6      | Killed a wyvern
  4680 | D:6      | Reached XP level 8. HP: 28/48 MP: 1/14
  4775 | D:6      | Noticed Pikel
  4799 | D:6      | Killed Pikel
  4800 | D:6      | Reached skill level 5 in Spellcasting
  4800 | D:6      | Reached skill level 5 in Conjurations
  4800 | D:6      | Reached skill level 1 in Ice Magic
  5097 | D:6      | Offered knowledge of Iskenderun's Mystic Blast by Vehumet.
  5103 | D:6      | Learned a level 4 spell: Iskenderun's Mystic Blast
  5207 | D:6      | Reached XP level 9. HP: 38/52 MP: 7/16
  5528 | D:5      | Entered Level 5 of the Dungeon
  5589 | D:5      | Reached skill level 1 in Translocations
  5920 | D:5      | Reached skill level 5 in Fighting
  7290 | D:6      | Noticed Duvessa
  7319 | D:6      | Killed Duvessa
  7336 | D:6      | Killed Dowan
  7966 | D:7      | Found a staircase to the Ecumenical Temple.
  8063 | D:7      | Learned a level 3 spell: Frozen Ramparts
  8077 | D:7      | Reached **** piety under Vehumet
  8274 | D:7      | Noticed Menkaure
  8277 | D:7      | Killed Menkaure
  8449 | D:7      | Reached XP level 10. HP: 47/60 MP: 12/19
  8620 | D:7      | Offered knowledge of Irradiate by Vehumet.
  8649 | D:7      | Learned a level 5 spell: Irradiate
 10267 | D:9      | Found an ancient bone altar of Kikubaaqudgha.
 10765 | D:9      | Found a staircase to the Orcish Mines.
 11318 | D:9      | Found a hide-covered altar of Uskayaw.
 11609 | D:10     | Entered Level 10 of the Dungeon
 11741 | D:10     | Reached skill level 1 in Transmutations
 11994 | D:10     | Noticed a two-headed ogre
 12000 | D:10     | Killed a two-headed ogre
 12001 | D:10     | Reached skill level 5 in Dodging
 12142 | D:10     | Noticed a kobold demonologist
 12148 | D:10     | Killed a kobold demonologist
 12150 | D:10     | Noticed a kobold demonologist
 12166 | D:10     | Killed a kobold demonologist
 12167 | D:10     | Reached XP level 11. HP: 64/67 MP: 3/22
 12356 | D:10     | Reached ***** piety under Vehumet
 12360 | D:10     | Offered knowledge of Spellforged Servitor by Vehumet.
 12515 | D:10     | Found a sacrificial altar of Ru.
 12622 | D:10     | Noticed a two-headed ogre
 12628 | D:10     | Killed a two-headed ogre
 12892 | D:10     | Learned a level 5 spell: Freezing Cloud
 13017 | D:11     | Found a staircase to the Lair.
 13267 | D:11     | Noticed a cyclops
 13342 | D:11     | Noticed a two-headed ogre
 13482 | D:11     | Noticed a centaur warrior
 13536 | D:11     | Killed a two-headed ogre
 13537 | D:11     | Reached skill level 1 in Armour
 13744 | D:11     | Noticed a manticore
 13747 | D:11     | Killed a cyclops
 13751 | D:11     | Killed a manticore
 13962 | D:11     | Noticed Erica
 13969 | D:11     | Killed Erica
 14077 | D:11     | Reached skill level 10 in Conjurations
 14078 | D:11     | Killed a centaur warrior
 14249 | D:11     | Found a portal to a secret trove of treasure.
 14250 | D:11     | Noticed a vault guard
 14257 | D:11     | Killed a vault guard
 14258 | D:11     | Reached XP level 12. HP: 64/76 MP: 21/24
 14576 | Lair:1   | Entered Level 1 of the Lair of Beasts
 14740 | Lair:1   | Noticed a boulder beetle
 14750 | Lair:1   | Killed a boulder beetle
 14751 | Lair:1   | Reached skill level 1 in Air Magic
 14848 | Lair:1   | Noticed Gastronok
 14861 | Lair:1   | Killed Gastronok
 15177 | Lair:1   | Noticed a death yak
 15201 | Lair:1   | Noticed a death yak
 15202 | Lair:1   | Noticed a death yak
 15207 | Lair:1   | Noticed a death yak
 15209 | Lair:1   | Noticed a death yak
 15241 | Lair:1   | Killed a death yak
 15244 | Lair:1   | Killed a death yak
 15245 | Lair:1   | Killed a death yak
 15246 | Lair:1   | Reached skill level 5 in Armour
 15269 | Lair:1   | Killed a death yak
 15291 | Lair:1   | Killed a death yak
 15615 | Lair:1   | Reached skill level 10 in Fighting
 16110 | Lair:2   | Reached XP level 13. HP: 51/83 MP: 12/26
 16123 | Lair:2   | Found a gate leading to a gauntlet.
 16129 | Gauntlet | Entered a Gauntlet
 16129 | Gauntlet | Found a transporter.
 16129 | Gauntlet | Found a runed translucent door.
 16129 | Gauntlet | Found a transporter.
 16213 | Gauntlet | Found a transporter.
 16228 | Gauntlet | Found a transporter.
 16243 | Gauntlet | Found a transporter.
 16245 | Gauntlet | Found a transporter.
 16245 | Gauntlet | Found a transporter.
 16250 | Gauntlet | Noticed a great orb of eyes
 16258 | Gauntlet | Found a transporter.
 16274 | Gauntlet | Found a runed translucent gate.
 16275 | Gauntlet | Found a transporter.
 16275 | Gauntlet | Found a runed translucent gate.
 16276 | Gauntlet | Found a runed translucent gate.
 16285 | Gauntlet | Found a transporter.
 16299 | Gauntlet | Found a transporter.
 16312 | Gauntlet | Found a transporter.
 16319 | Gauntlet | Found a transporter.
 16319 | Gauntlet | Found a transporter.
 16327 | Gauntlet | Found a runed translucent door.
 16626 | Gauntlet | Identified the +2 pair of gloves "Sehedwaa" {*Slow Fly
                  | rN+++ SInv}
 16644 | Gauntlet | Noticed a minotaur
 16651 | Gauntlet | Killed a minotaur
 16658 | Gauntlet | Identified the +6 spear of Circularity {spect, rF+ rC+
                  | Int+2 Stlth-}
 16699 | Gauntlet | Learned a level 5 spell: Fireball
 16846 | Lair:2   | Offered knowledge of Airstrike by Vehumet.
 16875 | Lair:2   | Found a sparkling altar of Nemelex Xobeh.
 17864 | Lair:3   | Noticed NimIero's ghost (journeyman AtBe)
 17885 | Lair:3   | Found a runed translucent door.
 17938 | Lair:3   | Found a staircase to the Snake Pit.
 17986 | Lair:3   | Reached skill level 10 in Spellcasting
 17986 | Lair:3   | Reached skill level 5 in Ice Magic
 18714 | Lair:3   | Found a staircase to the Shoals.
 19078 | Lair:3   | Killed NimIero's ghost
 19079 | Lair:3   | Reached skill level 1 in Fire Magic
 19363 | Lair:4   | Noticed Kirke
 19374 | Lair:4   | Killed Kirke
 19498 | Lair:4   | Noticed Josephine
 19508 | Lair:4   | Killed Josephine
 19581 | Lair:4   | Gained mutation: Your large and strong wings let you fly.
                  | [Gargoyle growth]
 19581 | Lair:4   | Reached XP level 14. HP: 80/91 MP: 7/28
 20242 | Lair:5   | Entered Level 5 of the Lair of Beasts
 20316 | Lair:5   | Found a viscous altar of Jiyva.
 20316 | Lair:5   | Found a staircase to the Slime Pits.
 20341 | Lair:5   | Reached skill level 5 in Fire Magic
 20352 | Lair:5   | Learned a level 7 spell: Orb of Destruction
 20408 | Lair:5   | Offered knowledge of Ozocubu's Refrigeration by Vehumet.
 21219 | Lair:5   | Noticed a dire elephant
 21226 | Lair:5   | Killed a dire elephant
 21733 | D:12     | Noticed Psyche
 21739 | D:12     | Killed Psyche
 22022 | D:12     | Learned a level 7 spell: Ozocubu's Refrigeration
 22138 | D:12     | Reached XP level 15. HP: 91/96 MP: 10/30
 22142 | D:12     | Found a frozen archway.
 22186 | IceCv    | Entered an ice cave
 22714 | IceCv    | Offered knowledge of Plasma Beam by Vehumet.
 22758 | IceCv    | Gained mutation: You occasionally shout uncontrollably at
                  | your foes. [mutagenic glow]
 23281 | D:12     | Found a runed translucent door.
 23282 | D:12     | Found a runed translucent door.
 23622 | D:12     | Found a runed translucent door.
 23907 | D:12     | Identified the amulet of Xapautz {Reflect rF- rC+ rN+ rCorr
                  | SH+5}
 24013 | D:12     | Identified the ring "Girro" {rPois rF+ Str-2 Int+6 Dex+2}
 24013 | D:12     | Identified the ring of Wehorry {Fire Str+6}
 24014 | D:12     | Identified the amulet of Las Ytz {Faith Str+5}
 24418 | Orc:1    | Entered Level 1 of the Orcish Mines
 24534 | Orc:1    | Found Ocza's Antique Weapon Shop.
 24713 | Orc:1    | Offered knowledge of Iron Shot by Vehumet.
 24810 | Orc:1    | You are sucked into a shaft and drop 1 floor!
 24810 | Orc:2    | Entered Level 2 of the Orcish Mines
 25109 | Orc:2    | Found Onkoh's Magic Scroll Shoppe.
 25144 | Orc:2    | Noticed Azrael
 25234 | Orc:2    | Killed Azrael
 25344 | Orc:2    | Noticed Nessos
 25355 | Orc:2    | Killed Nessos
 25395 | Orc:2    | Noticed Snorg
 25404 | Orc:2    | Killed Snorg
 25513 | Orc:2    | Found a staircase to the Elven Halls.
 25640 | Orc:2    | Found Batimot's Armour Shoppe.
 25640 | Orc:2    | Found Qasy's Assorted Antiques.
 25642 | Orc:2    | Found Yhiggo Mupoa's Armour Boutique.
 25644 | Orc:2    | Found Lainyute's General Store.
 26164 | Orc:2    | Bought a +2 helmet of intelligence for 301 gold pieces
 26184 | Orc:2    | Bought a +2 troll leather armour for 324 gold pieces
 26200 | Orc:2    | Bought a scroll of enchant armour for 195 gold pieces
 26203 | Orc:2    | Bought a scroll of fear for 64 gold pieces
 26203 | Orc:2    | Bought a scroll of fear for 64 gold pieces
 26213 | Orc:2    | Learned a level 6 spell: Iron Shot
 26366 | D:13     | Noticed Sonja
 26383 | D:13     | Killed Sonja
 26463 | D:13     | Reached XP level 16. HP: 104/104 MP: 29/32
 26595 | D:13     | Reached skill level 7 in Earth Magic
 26652 | D:13     | Noticed Frances
 26666 | D:13     | Killed Frances
 26727 | D:13     | Noticed Erolcha
 26791 | D:13     | Reached skill level 8 in Earth Magic
 26798 | D:13     | Killed Erolcha
 27004 | D:13     | Offered knowledge of Lee's Rapid Deconstruction by Vehumet.
 27014 | D:13     | Learned a level 5 spell: Lee's Rapid Deconstruction
 27516 | D:14     | Reached skill level 9 in Earth Magic
 28051 | D:14     | Reached skill level 10 in Earth Magic
 28117 | D:14     | Found a gate to the Vaults.
 28173 | D:15     | Entered Level 15 of the Dungeon
 28613 | D:15     | Found a staircase to the Depths.
 28875 | D:15     | Found a glowing golden altar of the Shining One.
 29055 | Snake:1  | Entered Level 1 of the Snake Pit
 29142 | Snake:1  | Offered knowledge of Starburst by Vehumet.
 29317 | Snake:1  | Noticed Aizul
 29336 | Snake:1  | Killed Aizul
 29337 | Snake:1  | Reached skill level 5 in Shields
 30487 | Snake:2  | Reached XP level 17. HP: 98/110 MP: 10/33
 30634 | Snake:2  | Found a hazy altar of Hepliaklqana.
 30804 | Snake:2  | Reached skill level 11 in Earth Magic
 31810 | Snake:3  | Noticed Louise
 31819 | Snake:3  | Killed Louise
 32857 | Snake:4  | Entered Level 4 of the Snake Pit
 32868 | Snake:4  | Noticed Vashnia
 32872 | Snake:4  | Reached skill level 5 in Transmutations
 32878 | Snake:4  | Killed Vashnia
 32951 | Snake:4  | Reached skill level 15 in Conjurations
 32952 | Snake:4  | Gained mutation: You are weak. (Str -2) [mutagenic glow]
 33181 | Snake:4  | Learned a level 6 spell: Starburst
 33585 | Snake:4  | Found a transporter.
 33601 | Snake:4  | Noticed littlecub's ghost (journeyman DsGl)
 33627 | Snake:4  | Found a transporter.
 33687 | Snake:4  | Reached ****** piety under Vehumet
 33734 | Snake:4  | Reached skill level 10 in Dodging
 33735 | Snake:4  | Reached XP level 18. HP: 109/117 MP: 23/35
 33910 | Snake:4  | Reached skill level 10 in Shields
 33981 | Snake:4  | Offered knowledge of Lehudib's Crystal Spear by Vehumet.
 33981 | Snake:4  | Offered knowledge of Fire Storm by Vehumet.
 33981 | Snake:4  | Offered knowledge of Shatter by Vehumet.
 34177 | Snake:4  | Got a serpentine rune of Zot
 34503 | Shoals:1 | Entered Level 1 of the Shoals
 35646 | Shoals:1 | Found Pifubbou's Antique Weapon Emporium.
 35670 | Shoals:2 | Noticed Ilsuiw
 35683 | Shoals:2 | Killed Ilsuiw
 35749 | Shoals:2 | Reached skill level 12 in Earth Magic
 35802 | Shoals:2 | Reached skill level 15 in Fighting
 35969 | Shoals:2 | Noticed Polyphemus
 35980 | Shoals:2 | Killed Polyphemus
 36059 | Shoals:2 | Found a runed translucent gate.
 36059 | Shoals:2 | Found a runed translucent gate.
 36059 | Shoals:2 | Found a runed translucent gate.
 36060 | Shoals:2 | Noticed HumbleHazard's ghost (adept MiFi)
 36315 | Shoals:2 | Reached skill level 13 in Earth Magic
 36895 | Shoals:2 | Reached skill level 14 in Earth Magic
 37279 | Shoals:3 | Found Duole's Gadget Gallery.
 37348 | Shoals:3 | Reached XP level 19. HP: 124/124 MP: 34/36
 37370 | Shoals:3 | Found Emergh's Magic Scroll Boutique.
 37373 | Shoals:3 | Identified the ring "Podoot" {*Corrode AC+4 Dex+4}
 37384 | Shoals:3 | Bought a scroll of blinking for 112 gold pieces
 37384 | Shoals:3 | Bought 2 scrolls of magic mapping for 225 gold pieces
 37924 | Shoals:3 | Reached skill level 1 in Evocations
 38435 | Shoals:4 | Entered Level 4 of the Shoals
 38472 | Shoals:4 | Reached skill level 15 in Earth Magic
 38902 | Shoals:4 | Identified the +5 long sword "Vitaklul" {drain, Str+3}
 39105 | Shoals:4 | Found the +4 robe of Folly {Brill Will-∞ Int+8}
 39302 | Shoals:4 | Reached skill level 16 in Earth Magic
 39590 | Shoals:4 | Got Konevacy's Vellum of Fulgurous Attendants
 39658 | Shoals:4 | Got a barnacled rune of Zot
 39957 | Vaults:1 | Entered Level 1 of the Vaults
 40897 | Vaults:1 | Reached skill level 17 in Earth Magic
 41362 | Vaults:2 | Reached XP level 20. HP: 122/129 MP: 28/38
 41760 | Vaults:2 | Reached skill level 15 in Spellcasting
 42424 | Vaults:2 | Reached skill level 18 in Earth Magic
 43317 | Vaults:3 | Found a flickering gateway to a bazaar.
 43322 | Bazaar   | Entered a bazaar
 43322 | Bazaar   | Found Meunk's Distillery.
 43322 | Bazaar   | Found Ydghuif's Armour Shop.
 43322 | Bazaar   | Found Juagimappo's Armour Shoppe.
 43322 | Bazaar   | Found Nuwn's Distillery.
 43324 | Bazaar   | Found Xoppui Vyim's Magic Scroll Shoppe.
 43373 | Bazaar   | Bought 3 scrolls of amnesia for 132 gold pieces
 43373 | Bazaar   | Bought a scroll of enchant armour for 82 gold pieces
 43381 | Bazaar   | Bought a potion of brilliance for 44 gold pieces
 43381 | Bazaar   | Bought a potion of brilliance for 44 gold pieces
 43381 | Bazaar   | Bought a potion of brilliance for 44 gold pieces
 43389 | Bazaar   | Bought a potion of resistance for 80 gold pieces
 43389 | Bazaar   | Bought 2 potions of heal wounds for 80 gold pieces
 43389 | Bazaar   | Bought a potion of heal wounds for 40 gold pieces
 43400 | Bazaar   | Bought a +1 cloak of poison resistance for 135 gold pieces
 43479 | Vaults:3 | Found Simaego's Armour Boutique.
 43832 | Vaults:3 | Found a staircase to the Crypt.
 43927 | Vaults:3 | Reached skill level 19 in Earth Magic
 44047 | Vaults:3 | Noticed Nikola
 44520 | Vaults:3 | Learned a level 5 spell: Borgnjor's Vile Clutch
 44541 | Vaults:3 | Killed Nikola
 44784 | Vaults:3 | Reached XP level 21. HP: 136/136 MP: 10/40
 44845 | Vaults:3 | Identified the +10 sling of Vazuocea {elec, rC- Will+ Int+3
                  | Stlth+}
 44937 | Vaults:3 | Got the Vellum of Beguiling and Direction
 45323 | Vaults:4 | Reached skill level 20 in Earth Magic
 45345 | Vaults:4 | Paralysed by a sphinx for 3 turns
 45345 | Vaults:4 | Gained mutation: You are very weak. (Str -4) [mutagenic
                  | glow]
 45352 | Vaults:4 | Found Zeromeho's Antique Weapon Emporium.
 45490 | Vaults:4 | Found a runed translucent gate.
 45490 | Vaults:4 | Found a runed translucent gate.
 45877 | Vaults:4 | Found Mere's Armour Boutique.
 46481 | Vaults:4 | Found a runed translucent gate.
 46484 | Vaults:4 | Noticed deprived's ghost (veteran HOFi)
 46616 | Vaults:4 | Reached skill level 21 in Earth Magic
 47029 | Shoals:2 | Killed HumbleHazard's ghost
 47042 | Shoals:2 | Identified the +0 cloak of Snakes and Ladders {rC+}
 47254 | Elf:1    | Entered Level 1 of the Elven Halls
 47582 | Elf:1    | Got the Codex of Forces
 48382 | Elf:2    | Reached XP level 22. HP: 142/142 MP: 34/42
 48512 | Elf:2    | Found a runed translucent gate.
 48512 | Elf:2    | Found a runed translucent gate.
 48516 | Elf:2    | Found a runed translucent gate.
 48636 | Elf:2    | Reached skill level 22 in Earth Magic
 49050 | Elf:3    | Entered Level 3 of the Elven Halls
 49050 | Elf:3    | Found Wesett's Magic Scroll Shop.
 49054 | Elf:3    | Bought a scroll of teleportation for 54 gold pieces
 49054 | Elf:3    | Bought a scroll of teleportation for 54 gold pieces
 49410 | Elf:3    | Learned a level 9 spell: Shatter
 49845 | Elf:3    | Found a runed translucent door.
 49847 | Elf:3    | Noticed PeMo's ghost (adept MiBe)
 50118 | Elf:3    | Identified the +4 quarterstaff "Wubbem" {flame, rF+ Will+
                  | Str-3 Int+3}
 50253 | Elf:3    | Identified the ring of Dapodeuh {rC+ rN+}
 50289 | Abyss:3  | Cast into level 3 of the Abyss (a deep elf sorcerer)
 50294 | Abyss:3  | Found a corrupted altar of Lugonu.
 50310 | Abyss:3  | Reached skill level 23 in Earth Magic
 50310 | Abyss:3  | Got an abyssal rune of Zot
 50457 | Elf:3    | Escaped the Abyss
 50579 | Elf:3    | Identified the +0 short sword of Luomywis {holy, rF++ Dex-4
                  | Stlth+}
 50632 | Elf:3    | Identified the staff of conjuration "Xiduleig" {rElec}
 50633 | Elf:3    | Identified the staff of earth "Abucai" {Fly Str-5 Stlth+}
 50686 | Elf:3    | Got the Quarto of Inconstant Calefaction
 50980 | Depths:1 | Entered Level 1 of the Depths
 50980 | Depths:1 | Noticed Mara
 50989 | Depths:1 | Killed Mara
 51383 | Depths:1 | Found a one-way gate leading to the halls of Pandemonium.
 51451 | Depths:1 | Reached XP level 23. HP: 147/147 MP: 41/44
 51719 | Depths:1 | Found a gateway to Hell.
 52287 | Elf:3    | Bought 3 scrolls of acquirement for 2808 gold pieces
 52295 | Elf:3    | Acquired the ring of Linearity {rC+ AC+4}
 52297 | Elf:3    | Acquired the ring "Xath" {Wiz rF- Str+3 Int+5}
 52299 | Elf:3    | Acquired 686 gold pieces
 52575 | Depths:2 | Reached skill level 24 in Earth Magic
 52636 | Depths:2 | Found Qaibbouf's Antique Weapon Boutique.
 52636 | Depths:2 | Found Mamo Zio's Jewellery Emporium.
 52640 | Depths:2 | Found Terucete's Book Boutique.
 52717 | Depths:2 | Found Jiagy's Book Boutique.
 52842 | Depths:2 | Reached skill level 5 in Evocations
 52859 | Depths:2 | Identified the +9 war axe of Ascent {freeze, rC+ Str+4}
 53367 | Depths:2 | Found a one-way gateway to a ziggurat.
 53377 | Depths:2 | You are sucked into a shaft and drop 1 floor!
 53904 | Depths:2 | Identified the +4 sling "Zuec" {elec, rC+ Int+2}
 53913 | Depths:2 | Noticed the Enchantress
 53914 | Depths:2 | Killed the Enchantress
 53959 | Depths:2 | Identified the ring of Voevejux {Str+6 Stlth+}
 54164 | Depths:3 | Noticed Frederick
 54235 | Depths:3 | Noticed a golden dragon
 54241 | Depths:3 | Killed a golden dragon
 54286 | Depths:3 | Found a corrupted altar of Lugonu.
 54286 | Depths:3 | Found a one-way gate to the infinite horrors of the Abyss.
 54403 | Depths:3 | Reached skill level 1 in Staves
 54518 | Depths:3 | Killed Frederick
 54532 | Depths:3 | Reached XP level 24. HP: 155/156 MP: 37/45
 54546 | Depths:3 | Learned a level 2 spell: Blink
 54657 | Depths:3 | Noticed Grunn
 54663 | Depths:3 | Killed Grunn
 54731 | Depths:3 | Found Honasoss's CLEARANCE SALE!.
 55179 | Depths:4 | Entered Level 4 of the Depths
 55330 | Depths:4 | Found a gate to the Realm of Zot.
 56674 | Vaults:5 | Entered Level 5 of the Vaults
 56676 | Vaults:5 | Reached skill level 5 in Staves
 56688 | Vaults:5 | Noticed an ancient lich
 56691 | Vaults:5 | Killed an ancient lich
 56707 | Vaults:5 | Identified the +3 scale mail of the Glowing Gods {rElec
                  | Will- Dex+4}
 56713 | Vaults:5 | Reached XP level 25. HP: 138/163 MP: 41/45
 57096 | Vaults:5 | Found Qithiu's Weapon Shoppe.
 57301 | Vaults:5 | Identified the +1 glaive of Doqipos {holy, rN++ Will+ Int+3
                  | Dex-2}
 57303 | Vaults:5 | Got a silver rune of Zot
 57335 | Vaults:5 | Identified the ring "Uwkeuto" {rF+ Str+3 SInv}
 58062 | Slime:1  | Entered Level 1 of the Pits of Slime
 58355 | Slime:5  | Entered Level 5 of the Pits of Slime
 58624 | Slime:5  | Noticed the Royal Jelly
 58625 | Slime:5  | Reached skill level 10 in Evocations
 59113 | Slime:5  | Found a viscous altar of Jiyva.
 59124 | Slime:5  | Got a slimy rune of Zot
 59126 | Slime:5  | Got the Lessons on the Cold Morgue
 59146 | Slime:5  | Found the +2 Maxwell's thermic engine {flame, freeze, rev}
 59156 | Slime:5  | Identified the staff of fire "Weideo" {Fragile rF+ rN+
                  | Will+++ Str+3}
 59157 | Slime:5  | Identified the staff of conjuration "Taicebb" {Fly rPois
                  | rF+ Will+}
 59215 | Slime:5  | Reached skill level 15 in Dodging
 59494 | D:15     | Fell from the grace of Vehumet
 59494 | D:15     | Became a worshipper of the Shining One
 59699 | Crypt:1  | Entered Level 1 of the Crypt
 59732 | Crypt:1  | Reached * piety under the Shining One
 59734 | Crypt:1  | Reached skill level 1 in Invocations
 59740 | Crypt:1  | Reached ** piety under the Shining One
 59916 | Crypt:1  | Reached *** piety under the Shining One
 60499 | Crypt:2  | Reached XP level 26. HP: 171/172 MP: 27/46
 60562 | Crypt:2  | Identified the +6 falchion of Nysyrus {freeze, Int+4 SInv}
 60777 | Crypt:2  | Reached **** piety under the Shining One
 61102 | Crypt:2  | Reached ***** piety under the Shining One
 61386 | Crypt:2  | Identified the +0 leather armour of the Thirsty Bounties
                  | {rElec Int+3}
 61590 | Crypt:3  | Entered Level 3 of the Crypt
 61799 | Crypt:3  | Found a magical portal.
 61804 | WizLab   | Entered Borgnjor's Mausoleum
 61866 | WizLab   | Reached ****** piety under the Shining One
 61906 | WizLab   | Reached skill level 5 in Invocations
 61925 | WizLab   | Identified a +9 trishula of holy wrath (a +9 spectral demon
                  | trident blessed by the Shining One)
 61925 | WizLab   | Received a gift from the Shining One
 62037 | WizLab   | Reached skill level 10 in Staves
 62571 | Crypt:3  | Reached skill level 25 in Earth Magic
 62590 | Crypt:3  | Found a staircase to the Tomb.
 62668 | Crypt:3  | Noticed a dread lich
 62670 | Crypt:3  | Killed a dread lich
 62691 | Crypt:3  | Identified the +5 battleaxe of Uncertain Death {holy, *Rage
                  | Fragile Will++ MP+9}
 63306 | Pan      | Entered Pandemonium
 63517 | Pan      | Noticed Xyxis the pandemonium lord
 63522 | Pan      | Killed Xyxis the pandemonium lord
 64022 | Pan      | Found a transporter.
 64033 | Pan      | Identified the ring "Qyubroe" {rCorr Str+2 Int-5 Dex+9}
 64042 | Pan      | Identified the orb of Okawaru's Scorn {*channel, Str+3
                  | Int+4}
 64047 | Pan      | Reached XP level 27. HP: 176/177 MP: 21/46
 64307 | Pan      | Identified the +9 quarterstaff "Farixtas" {venom, Stlth+}
 64335 | Pan      | Found a runed translucent door.
 64350 | Pan      | Found a runed translucent door.
 64354 | Pan      | Found a runed translucent door.
 64359 | Pan      | Noticed Besovuaxt the pandemonium lord
 64367 | Pan      | Killed Besovuaxt the pandemonium lord
 64369 | Pan      | Reached skill level 10 in Invocations
 64369 | Pan      | Found a runed translucent door.
 64374 | Depths:1 | Escaped Pandemonium
 64408 | Hell     | Entered the Vestibule of Hell
 64409 | Hell     | Noticed Geryon
 64419 | Hell     | Killed Geryon
 64708 | Hell     | Found a gateway to the ashen valley of Gehenna.
 64844 | Hell     | Found a gateway to the decaying netherworld of Tartarus.
 64928 | Hell     | Found a gateway to the freezing wastes of Cocytus.
 65080 | Hell     | Was forgiven by Vehumet
 65133 | Hell     | Found a gateway to the Iron City of Dis.
 65219 | Pan      | Entered Pandemonium
 65261 | Pan      | Noticed Ali Nir the pandemonium lord
 65371 | Pan      | Found an exit through the horrors of the Abyss.
 65459 | Pan      | Gained mutation: You are dopey. (Int -2) [a cacodemon]
 65594 | Pan      | Identified the ring "Keyzoity" {Ice Slay+5}
 65892 | Pan      | Reached skill level 26 in Earth Magic
 65943 | Pan      | Noticed Qymatin the pandemonium lord
 66198 | Pan      | Killed Qymatin the pandemonium lord
 66343 | Pan      | Identified the +0 leather armour "Ruzitwor" {Fly Regen+
                  | Dex+7}
 66454 | Pan      | Noticed Afomn the pandemonium lord
 66480 | Pan      | Killed Afomn the pandemonium lord
 66623 | Pan      | Noticed Ickeum the pandemonium lord
 66642 | Pan      | Killed Ickeum the pandemonium lord
 66657 | Pan      | Gained mutation: Your magical capacity is low. (-10% MP) [a
                  | neqoxec]
 66658 | Pan      | Lost mutation: You are dopey. (Int -2) [a neqoxec]
 66662 | Pan      | Entered the realm of Gloorx Vloq.
 66927 | Pan      | Noticed Gloorx Vloq
 66952 | Pan      | Killed Gloorx Vloq
 66997 | Pan      | Got a dark rune of Zot
 67450 | Pan      | Noticed Abeschuta the pandemonium lord
 67463 | Pan      | Killed Abeschuta the pandemonium lord
 67652 | Pan      | Gained mutation: You have hidden genetic defects. [a
                  | neqoxec]
 67655 | Pan      | Gained mutation: You are frail. (-10% HP) [a neqoxec]
 67679 | Pan      | Lost mutation: You are very weak. (Str -4) [potion of
                  | mutation]
 67679 | Pan      | Lost mutation: You are weak. (Str -2) [potion of mutation]
 67679 | Pan      | Lost mutation: You occasionally shout uncontrollably at
                  | your foes. [potion of mutation]
 67679 | Pan      | Gained mutation: You are strong-willed. (Will+) [potion of
                  | mutation]
 67679 | Pan      | Gained mutation: You have sharp toenails. [potion of
                  | mutation]
 67679 | Pan      | Gained mutation: You are partially covered in iridescent
                  | scales. (AC +2) [potion of mutation]
 67771 | Pan      | Found a runed translucent door.
 67812 | Pan      | Got a demonic rune of Zot
 68027 | Pan      | Noticed Ixkups the pandemonium lord
 68027 | Pan      | Gained mutation: You are occasionally teleported next to
                  | monsters. [a cacodemon]
 68031 | Pan      | Killed Ixkups the pandemonium lord
 68031 | Pan      | Gained mutation: You are often teleported next to monsters.
                  | [a cacodemon]
 68043 | Pan      | Lost mutation: You are often teleported next to monsters.
                  | [potion of mutation]
 68043 | Pan      | Lost mutation: You have sharp toenails. [potion of
                  | mutation]
 68043 | Pan      | Lost mutation: You are frail. (-10% HP) [potion of
                  | mutation]
 68043 | Pan      | Gained mutation: Your natural rate of healing is unusually
                  | fast. [potion of mutation]
 68043 | Pan      | Gained mutation: You have sharp toenails. [potion of
                  | mutation]
 68044 | Pan      | Lost mutation: You have hidden genetic defects. [potion of
                  | mutation]
 68044 | Pan      | Lost mutation: You are partially covered in iridescent
                  | scales. (AC +2) [potion of mutation]
 68044 | Pan      | Lost mutation: You have sharp toenails. [potion of
                  | mutation]
 68044 | Pan      | Gained mutation: You are often teleported next to monsters.
                  | [potion of mutation]
 68046 | Pan      | Noticed Teypou the pandemonium lord
 68047 | Pan      | Lost mutation: You are strong-willed. (Will+) [potion of
                  | mutation]
 68047 | Pan      | Lost mutation: Your natural rate of healing is unusually
                  | fast. [potion of mutation]
 68047 | Pan      | Lost mutation: Your magical capacity is low. (-10% MP)
                  | [potion of mutation]
 68047 | Pan      | Gained mutation: Your spells are a little harder to cast,
                  | but a little more powerful. [potion of mutation]
 68047 | Pan      | Gained mutation: You have large cloven feet. [potion of
                  | mutation]
 68049 | Pan      | Lost mutation: You have large cloven feet. [potion of
                  | mutation]
 68049 | Pan      | Lost mutation: Your spells are a little harder to cast, but
                  | a little more powerful. [potion of mutation]
 68049 | Pan      | Lost mutation: You are often teleported next to monsters.
                  | [potion of mutation]
 68049 | Pan      | Gained mutation: You possess an exceptional clarity of
                  | mind. [potion of mutation]
 68049 | Pan      | Gained mutation: Your flesh is heat resistant. (rF+)
                  | [potion of mutation]
 68049 | Pan      | Gained mutation: Your flesh is cold resistant. (rC+)
                  | [potion of mutation]
 68089 | Pan      | Reached skill level 27 in Earth Magic
 68114 | Pan      | Reached skill level 10 in Armour
 68131 | Pan      | Entered the realm of Mnoleg.
 68294 | Pan      | Gained mutation: You have a pair of small horns on your
                  | head. [a cacodemon]
 68329 | Pan      | Gained mutation: Your body sometimes deteriorates upon
                  | taking damage. [a neqoxec]
 68416 | Pan      | Noticed Mnoleg
 68436 | Pan      | Lost mutation: Your flesh is heat resistant. (rF+) [a
                  | neqoxec]
 68437 | Pan      | Gained mutation: You occasionally shout uncontrollably at
                  | your foes. [a cacodemon]
 68441 | Pan      | Killed Mnoleg
 68454 | Pan      | Gained mutation: Armour fits poorly on your strangely
                  | shaped body. [a neqoxec]
 68457 | Pan      | Gained mutation: You do not regenerate when monsters are
                  | visible. [a neqoxec]
 68457 | Pan      | Gained mutation: You are weak. (Str -2) [a neqoxec]
 68493 | Pan      | Gained mutation: Your body often deteriorates upon taking
                  | damage. [a neqoxec]
 68498 | Pan      | Gained mutation: You are partially covered in iridescent
                  | scales. (AC +2) [a shining eye]
 68502 | Pan      | Reached skill level 15 in Invocations
 68502 | Pan      | Gained mutation: You are frail. (-10% HP) [a neqoxec]
 68508 | Pan      | Gained mutation: Your spells are a little easier to cast,
                  | but a little less powerful. [a neqoxec]
 68625 | Pan      | Got a glowing rune of Zot
 68664 | Pan      | Gained mutation: You frequently scream uncontrollably at
                  | your foes. [a cacodemon]
 68687 | Pan      | Found an exit through the horrors of the Abyss.
 68693 | Depths:2 | Escaped Pandemonium
 68750 | Zot:1    | Entered Level 1 of the Realm of Zot
 68754 | Zot:1    | Noticed Vv
 68758 | Zot:1    | Killed Vv
 68849 | Zot:1    | Noticed a dread lich
 68892 | Zot:1    | Killed a dread lich
 68929 | Zot:1    | Noticed a dread lich
 68932 | Zot:1    | Killed a dread lich
 68953 | Zot:1    | Noticed a dread lich
 68960 | Zot:1    | Killed a dread lich
 68989 | Zot:1    | Noticed a dread lich
 68992 | Zot:1    | Noticed a dread lich
 68994 | Zot:1    | Killed a dread lich
 68995 | Zot:1    | Noticed a dread lich
 68996 | Zot:1    | Killed a dread lich
 69005 | Zot:1    | Noticed an orb of fire
 69009 | Zot:1    | Killed a dread lich
 69010 | Zot:1    | Reached skill level 1 in Polearms
 69016 | Zot:1    | Gained mutation: You occasionally lose the ability to read
                  | scrolls when taking damage. [an orb of fire]
 69018 | Zot:1    | Gained mutation: You are very weak. (Str -4) [an orb of
                  | fire]
 69020 | Zot:1    | Gained mutation: Your magical capacity is low. (-10% MP)
                  | [an orb of fire]
 69030 | Zot:1    | Noticed a dread lich
 69030 | Zot:1    | Gained mutation: You are clumsy. (Dex -2) [an orb of fire]
 69031 | Zot:1    | Killed an orb of fire
 69044 | Zot:1    | Killed a dread lich
 69359 | Zot:1    | Noticed a dread lich
 69390 | Zot:1    | Killed a dread lich
 69982 | Zot:2    | Reached skill level 5 in Polearms
 70525 | Zot:2    | Found the +12 pair of quick blades "Gyre" and "Gimble"
                  | {protect}
 71137 | Zot:3    | Found a transporter.
 71137 | Zot:3    | Found a transporter.
 71731 | Zot:3    | Identified the +0 scale mail of the Dice {Dex+5 SInv}
 73470 | Zot:5    | Entered Level 5 of the Realm of Zot
 74159 | Zot:5    | Noticed an orb of fire
 74162 | Zot:5    | Lost mutation: Your magical capacity is low. (-10% MP) [an
                  | orb of fire]
 74188 | Zot:5    | Noticed an orb of fire
 74190 | Zot:5    | Gained mutation: You are dopey. (Int -2) [an orb of fire]
 74192 | Zot:5    | Noticed a dread lich
 74193 | Zot:5    | Killed a dread lich
 74196 | Zot:5    | Noticed an ancient lich
 74200 | Zot:5    | Killed an ancient lich
 74202 | Zot:5    | Noticed an ancient lich
 74203 | Zot:5    | Got the Orb of Zot
 74206 | Zot:5    | Killed an ancient lich
 74206 | Zot:5    | Noticed an orb of fire
 74206 | Zot:5    | Noticed a dread lich
 74208 | Zot:5    | Reached skill level 10 in Polearms
 74208 | Zot:5    | Killed an orb of fire
 74208 | Zot:5    | Gained mutation: You are very clumsy. (Dex -4) [an orb of
                  | fire]
 74209 | Zot:5    | Killed a dread lich
 74762 | D:$      | Escaped with the Orb!

Illustrated notes

Levels and vault maps discovered:
D:1:      scummos_arrival_gate, layout_basic, ebering_ecumenical_altar_rust
D:2:      layout_loops_ring, minmay_pentomino_pile
D:3:      minmay_door_path, layout_basic, minmay_misc_feat_cross
D:4:      kennysheep_six_static_rooms, layout_basic,
          nicolae_overflow_crystal_walls, minitemple, nicolae_grassy_gnolls
D:5:      layout_layer_cave
D:6:      layout_basic, lemuel_tele_altar, hangedman_decor_points, uniq_pikel,
          uniq_duvessa
D:7:      layout_basic, minmay_temple_entry_ruins, serial_curves,
          eino_curves_04, eino_curves_04, due_unseen_surprise, uniq_menkaure
D:8:      layout_basic, st_stairs_4
D:9:      layout_loops_corners, lemuel_coloured_pillars_altar,
          nicolae_overflow_hidden_temple, erik_orc_4
D:10:     layout_rooms, mainiacjoe_overflow_six_doors_small
D:11:     layout_gridville, erik_lair_island, enter_trove_5, uniq_erica
D:12:     minmay_the_grid_triangle_9x9_recursive_3
          [minmay_the_grid_triangle_9x9_sparse_checkered,
          minmay_the_grid_triangle_9x9_flanged_cone,
          minmay_the_grid_triangle_9x9_impossible_snake,
          minmay_the_grid_triangle_9x9_prize_special,
          minmay_the_grid_triangle_9x9_steps,
          minmay_the_grid_triangle_9x9_odd_lines,
          minmay_the_grid_triangle_9x9_subtriangle,
          minmay_the_grid_triangle_9x9_alien,
          minmay_the_grid_triangle_9x9_tough_junction], layout_basic,
          portal_ice_cave_entry_imps, serial_park_tiny_2, uniq_psyche
D:13:     layout_long_grid, serial_glass, glass_columns_b, glass_columns_b,
          glass_columns_c, hangedman_decor_peaks_small, uniq_erolcha,
          uniq_frances, uniq_sonja
D:14:     layout_roguey, ximxim_vaults_locker_room, nrook_mini_backslash
D:15:     grunt_enter_depths_giant_problem, layout_cave_pools,
          chequers_serial_rivers_micro_d, tso_altar
Lair:1:   layout_cave_pods, nicolae_lair_grazing_beasts
          [nicolae_sub_lair_graze_edge, nicolae_sub_lair_graze_edge,
          nicolae_sub_lair_graze_edge, nicolae_sub_lair_graze_edge],
          serial_bayou_shore_a, uniq_gastronok
Lair:2:   layout_loops_ring, gauntlet_entry_generic, basic_altar
Lair:3:   layout_cave_pods, minmay_shoals_entry_beasts,
          guppyfry_snake_entry_garden, hellmonk_ghost_happy_afterlife,
          fungi_pond_lemuel
Lair:4:   layout_regular_city, minmay_lair_oklob_bushes, serial_bayou_ford_a,
          uniq_josephine, uniq_kirke
Lair:5:   gammafunk_lair_ancient_temple, layout_cave_pods,
          nicolae_slime_entry_slimehenge, serial_bayou_pond_c
Shoals:1: layout_shoals, serial_shops, shop, nicolae_shoals_lost_giant_temple
Shoals:2: layout_shoals, gammafunk_ghost_split, nicolae_shoals_kraken_party,
          uniq_polyphemus, uniq_ilsuiw
Shoals:3: layout_shoals, serial_shops, nicolae_shop_hallway_stairs,
          nicolae_shop_gadgets
Shoals:4: shoals_end_hangedman, layout_shoals
Snake:1:  layout_concentric_octagons, uniq_aizul
Snake:2:  layout_cave_pods, basic_altar, nicolae_snake_gridmaze_swirls,
          drop_trap
Snake:3:  layout_basic, grunt_megastairs_4, uniq_louise
Snake:4:  snake_pit, layout_rooms, gammafunk_ghost_berserking_beasts,
          uniq_vashnia
Slime:1:  layout_caves, basic_altar
Slime:2:  layout_caves
Slime:3:  cheibrodos_slime_lost_civilization_8, layout_caves
Slime:4:  cheibrodos_slime_lost_civilization_10, layout_caves
Slime:5
Orc:1:    layout_caves, serial_shops, shop, kennysheep_orc_chapel
Orc:2:    st_orc_rangers, layout_caves, serial_shops, nicolae_shop_statue_plus,
          uniq_snorg, uniq_nessos, uniq_azrael
Elf:1:    nicolae_elf_arrival_no_cutting_in_line, layout_geoelf_diagonals,
          minmay_elf_annihilation, nicolae_concentric_dashed_squares_wild,
          grunt_megastairs_2
Elf:2:    elven_hall_of_blades_hangedman_original [mumra_blade_entry_dagger],
          layout_geoelf_grid, chequers_hall_statues_wall_a,
          hangedman_elven_pyramids
Elf:3:    grunt_elf_hall_asides, layout_loops_corners, gammafunk_ghost_grave,
          serial_shops, nicolae_shop_hallway_stairs
Vaults:1: nicolae_vaults_security_offices_1, nicolae_vaults_trapezoid_layered,
          vaults_room_pools, nicolae_vaults_diamond_2,
          nicolae_vaults_circle_grid_b, nicolae_vaults_little_squares_3,
          ontoclasm_vaults_fault, layout_vaults_omnigrid
Vaults:2: nicolae_vaults_closet_pinwheel_6, vaults_standard_mumra_lines,
          nicolae_vaults_inception_scallops, ontoclasm_vaults_hangar,
          grunt_vaults_hallway_short, v_pattern_2, v_misc_15,
          ontoclasm_vaults_chip, nicolae_vaults_gold_heap, v_misc_33,
          layout_vaults_chaotic_city
Vaults:3: st_octagons_1, nicolae_vaults_trapezoid_1,
          nicolae_vaults_offset_grid_hallway_4,
          minmay_crypt_entry_skeletal_spiral, nicolae_vaults_trapezoid_3,
          vaults_mumra_minichess, vaults_room_grid, v_rooms_2,
          nicolae_vaults_border_crossing, ontoclasm_vaults_pinch,
          nicolae_vaults_trapezoid_lopsided_4, v_misc_4,
          nicolae_vaults_double_plus_1, nicolae_vaults_shelves_hall,
          layout_vaults_omnicross, serial_shops, bzr_entry_road, shop,
          uniq_nikola
Vaults:4: ebering_ghost_rock_garden, nicolae_vaults_layer_cake_slice,
          nicolae_vaults_alarming, hangedman_vaults_snaps, v_misc_15,
          nicolae_vaults_wine_cellar, nicolae_vaults_tangram_1,
          nicolae_vaults_six-pack, nicolae_vaults_circle_grid_b,
          nicolae_vaults_taking_the_gang_shopping, st_squares,
          grunt_vaults_twisty, nicolae_vaults_little_squares_4,
          layout_vaults_ring, serial_shops, nicolae_shop_tiny_waterfront
Vaults:5: serial_shops
Crypt:1:  layout_rooms, serial_sigils_hangedman_leer
Crypt:2:  layout_misc_corridors, serial_glass, glass_columns_a, glass_columns_a
Crypt:3:  david_glass_crypt, layout_misc_corridors, tomb_entry_shell_bobbens,
          mu_enter_wizlab_2
Depths:1: nicolae_moon_pools, layout_cave_pools, pan_entry, hell_entry,
          eino_tiny_chamber, minivault_16, kennysheep_generic_room_12, uniq_mara
Depths:2: grunt_forest_end_winery, layout_honeycomb, enter_ziggurat_e,
          pf_vacation_house_of_asmodeus, serial_shops, shop_statue,
          serial_sigils_hangedman_gut, pan_entry, serial_glass, glass_columns_b,
          glass_columns_c, feat_on_display, due_unseen_surprise,
          minmay_staircase_bubble, minmay_shop_grove
Depths:3: mu_elephants_graveyard, layout_basic, abyss_entry_flame_altar,
          grunt_pan_entry_zigzag, grunt_hell_entry_dis_grunt,
          serial_sigils_hangedman_confine, nicolae_shop_clearance,
          uniq_frederick, uniq_grunn, uniq_josephina
Depths:4: grunt_crosshair, layout_honeycomb, grunt_mini_vestibule
Hell
Zot:1:    hellmonk_paralyzer, layout_basic, uniq_vv
Zot:2:    layout_basic, grunt_ministairs_1, st_stairs_8
Zot:3:    gammafunk_sealed_arena, layout_basic
Zot:4:    layout_cathedral_of_symmetry
Zot:5:    layout_basic

Skill      XL: |  1  2  3  4  5  6  7  8  9 10 11 12 13 14 15 16 17 18 19 20 21 22 23 24 25 26 27 |
---------------+----------------------------------------------------------------------------------+-----
Earth Magic    | 4 5 6 10 11 14 17 19 21 23 24 25 27 | 27.0
Fighting       | 1 2 3 4 6 7 9 10 11 12 13 14 15 16 17 18 19 23 | 23.5
Dodging        | 2 3 4 5 6 8 9 10 11 12 13 14 15 16 | 16.0
Conjurations   | 2 3 4 5 6 8 10 11 13 14 15 | 15.0
Spellcasting   | 3 4 5 6 7 8 9 10 11 12 13 14 15 16 17 18 19 21 | 21.2
Stealth        | 3 |  3.0
Shields        | 2 4 5 9 11 12 14 | 14.0
Ice Magic      | 2 3 5 9 |  9.0
Translocations | 3 4 |  4.0
Transmutations | 2 3 4 5 |  5.0
Armour         | 3 6 7 8 11 | 11.0
Air Magic      | 3 |  3.2
Fire Magic     | 3 5 6 7 |  7.0
Evocations     | 4 6 8 10 | 10.2
Staves         | 2 6 8 12 | 12.0
Invocations    | 2 9 17 | 17.0
Polearms       | 10 | 10.6

Action                     |  1- 3 |  4- 6 |  7- 9 | 10-12 | 13-15 | 16-18 | 19-21 | 22-24 | 25-27 || total
---------------------------+-------+-------+-------+-------+-------+-------+-------+-------+-------++-------
  Melee: Whip              |    10 |     2 |       |       |       |       |       |       |       ||    12
         Punch             |     1 |       |     1 |       |       |       |       |       |       ||     2
         Dagger            |       |     9 |    83 |    68 |   103 |       |       |       |       ||   263
         Spear             |       |       |       |       |    78 |   137 |   118 |    11 |       ||   344
         Staff             |       |       |       |       |       |       |       |    39 |   782 ||   821
         Headbutt          |       |       |       |       |       |       |       |       |    84 ||    84
         Trishula          |       |       |       |       |       |       |       |       |    26 ||    26
   Cast: Sandblast         |    51 |    84 |    55 |       |       |       |       |       |       ||   190
         Stone Arrow       |       |     3 |   100 |   262 |   738 |       |       |       |       ||  1103
         Irradiate         |       |       |       |    10 |    37 |    34 |    30 |    14 |    25 ||   150
         Iskenderun's Myst |       |       |       |    10 |     6 |       |       |       |       ||    16
         Freezing Cloud    |       |       |       |     6 |     5 |     2 |     1 |     1 |     1 ||    16
         Frozen Ramparts   |       |       |       |     1 |     2 |       |       |       |       ||     3
         Hailstorm         |       |       |       |     6 |     1 |       |       |       |       ||     7
         Fireball          |       |       |       |       |    25 |    35 |    42 |     1 |     2 ||   105
         Orb of Destructio |       |       |       |       |     2 |     6 |     2 |     1 |     3 ||    14
         Iron Shot         |       |       |       |       |     6 |   525 |   541 |   349 |   781 ||  2202
         Lee's Rapid Decon |       |       |       |       |       |    30 |    48 |    29 |    20 ||   127
         Starburst         |       |       |       |       |       |     5 |    35 |     2 |    10 ||    52
         Borgnjor's Vile C |       |       |       |       |       |       |     4 |     5 |     2 ||    11
         Shatter           |       |       |       |       |       |       |       |    79 |   185 ||   264
         Blink             |       |       |       |       |       |       |       |     1 |     1 ||     2
 Invoke: Cleansing Flame   |       |       |       |       |       |       |       |       |    11 ||    11
         Brand Weapon With |       |       |       |       |       |       |       |       |     1 ||     1
         Summon Divine War |       |       |       |       |       |       |       |       |    14 ||    14
         Divine Shield     |       |       |       |       |       |       |       |       |     1 ||     1
  Evoke: Wand              |       |       |       |     2 |     1 |     3 |       |     1 |       ||     7
         Box of beasts     |       |       |       |       |     1 |     1 |       |       |       ||     2
    Use: Scroll            |     2 |    10 |     4 |    13 |     9 |     6 |    17 |     7 |    22 ||    90
         Potion            |       |       |       |     2 |     3 |     2 |     3 |     3 |    21 ||    34
   Stab: Distracted        |       |       |       |       |     1 |       |     1 |       |       ||     2
 Armour: Robe              |    12 |    29 |    53 |    50 |       |       |       |    34 |       ||   178
         Troll leather arm |       |       |       |    47 |   404 |   274 |   193 |    10 |       ||   928
         Acid dragon scale |       |       |       |       |       |       |       |    68 |   828 ||   896
  Dodge: Dodged            |    29 |    26 |    76 |   105 |   456 |   212 |   198 |    88 |   667 ||  1857
  Block: Buckler           |       |       |    21 |    49 |   163 |    69 |       |       |       ||   302
         Kite shield       |       |       |       |       |       |   114 |   222 |   100 |   856 ||  1292
         Reflection        |       |       |       |       |       |    27 |    54 |    24 |    12 ||   117
